 Dungeon Crawl Stone Soup version 0.20.1-1-g8b1a95d66d (webtiles) character file.

187 Gargoyl the Skirmisher (level 5, -2/46 HPs)
             Began as a Centaur Abyssal Knight on Nov 27, 2017.
             Was a Believer of Lugonu.
             Slain by a kobold (4 damage)
             ... on level 3 of the Dungeon.
             The game lasted 00:05:24 (2593 turns).

Gargoyl the Skirmisher (Centaur Abyssal Knight)     Turns: 2593, Time: 00:05:25

Health: -2/46      AC:  8    Str: 15    XL:     5   Next: 39%
Magic:  7/7        EV:  8    Int: 11    God:    Lugonu [**....]
Gold:   161        SH:  0    Dex:  9    Spells: 4/4 levels left

rFire    . . .     SeeInvis .   a - +1 hand axe
rCold    . . .     Gourm    .   (no shield)
rNeg     . . .     Faith    .   h - +0 ring mail
rPois    .         Spirit   .   (helmet restricted)
rElec    .         Reflect  .   e - +0 cloak {+Inv}
rCorr    .         Harm     .   b - +0 pair of gloves (curse)
MR       .....     Rnd*Rage +   (no barding)
Stlth    ..........             (no amulet)
Regen    0.2/turn               m - ring of loudness (curse)
MPRegen  0.1/turn               (no ring)

@: lethally poisoned (-2 -> -7), very slightly contaminated, very quick
A: hooves 3, horns 1, berserk 1, blurry vision 1, deformed body, speed 2, tough
skin 3, subdued magic 1
a: Depart the Abyss, Bend Space, Renounce Religion, Evoke Invisibility


You were on level 3 of the Dungeon.
You worshipped Lugonu.
Lugonu was pleased with you.
You were not hungry.

You visited 1 branch of the dungeon, and saw 3 of its levels.
You visited the Abyss 1 time.

You collected 161 gold pieces.

Inventory:

Hand Weapons
 a - a +1 hand axe (weapon)
Armour
 b - a cursed +0 pair of gloves (worn)
 d - a +0 helmet
 e - a +0 cloak of invisibility (worn)
 h - a +0 ring mail (worn)
Jewellery
 m - a cursed ring of loudness (left hand)
Scrolls
 g - 2 scrolls of identify
 k - a scroll of magic mapping
Potions
 j - a potion of invisibility
Comestibles
 c - 3 bread rations
 f - 7 fruits
 l - a royal jelly


   Skills:
 + Level 3.7 Fighting
 + Level 2.8 Axes
 * Level 2.6 Armour
 + Level 1.2 Dodging
 * Level 3.0 Invocations
 + Level 0.6 Evocations


You had 4 spell levels left.
You didn't know any spells.

Dungeon Overview and Level Annotations

Branches:
Dungeon (3/15)

Altars:
Fedhas

Annotations:
D:3 Grinder


Innate Abilities, Weirdness & Mutations

You have hooves in place of feet.
Armour fits poorly on your strangely shaped body.
You cover ground very quickly.
You have extremely tough skin. (AC +3)
You have a pair of small horns on your head.
You tend to lose your temper in combat.
Scrolls take you a little longer to read.
Your spells are a little easier to cast, but a little less powerful.


Message History

Unknown command.
You hit the kobold.
The kobold is severely wounded.
You feel sick. The kobold barely misses you.
Unknown command.
You barely miss the kobold.
The kobold is severely wounded.
You feel sick.
Grinder blinks!
The kobold hits you.
Unknown command.
You closely miss the kobold.
The kobold is severely wounded.
You feel sick. The kobold hits you but does no damage. Grinder gestures at you.
Pain shoots through your body!
* * * LOW HITPOINT WARNING * * *
You closely miss the kobold.
The kobold is severely wounded.
* * * LOW HITPOINT WARNING * * *
You feel sick. The kobold hits you.
You die...

#.#
#.........#
#.#
#######...#
#.# #...#
##### #.#
#.))# .....
#.# #.).#
#.##.. #.#
#...###....>.
#.#
##.......##.#
#.############
#.#####.##
#....((.5(@K.#
#...###.# #
############.#
#.....#.##.# #
#..........#
#.......####
#...........
#..###......
.....# #.#####
####.# #.# #.
..#


You could see Grinder and a kobold.

Vanquished Creatures
  An orc wizard (D:3)
  Terence (D:3)
  4 adders
  An ooze (D:2)
  A worm (D:2)
  4 dart slugs (D:2)
  2 leopard geckos
  2 orcs (D:3)
  A bat (D:2)
  3 giant cockroaches
  10 goblins
  5 hobgoblins
  5 jackals (D:3)
  9 kobolds
  A quokka (D:2)
  5 frilled lizards
  10 rats
65 creatures vanquished.

Vanquished Creatures (others)
  An orc wizard (D:3)
1 creature vanquished.

Grand Total: 66 creatures vanquished

Notes
Turn   | Place    | Note
-------+----------+-------------------------------------------
     0 | Abyss:1  | Gargoyl the Centaur Abyssal Knight began the quest for the Orb.
     0 | Abyss:1  | Reached XP level 1. HP: 19/19 MP: 2/2
   103 | Abyss:1  | Noticed a red draconian shifter
   104 | D:1      | Escaped the Abyss
   335 | D:1      | Reached XP level 2. HP: 26/26 MP: 3/3
   754 | D:2      | Reached * piety under Lugonu
   841 | D:2      | Reached XP level 3. HP: 25/31 MP: 4/4
  1206 | D:2      | Found a blossoming altar of Fedhas.
  1591 | D:2      | Reached skill level 1 in Dodging
  1672 | D:2      | Reached XP level 4. HP: 38/38 MP: 5/5
  2118 | D:3      | Noticed Terence
  2143 | D:3      | Reached ** piety under Lugonu
  2155 | D:3      | Killed Terence
  2255 | D:3      | Reached XP level 5. HP: 37/45 MP: 5/7
  2549 | D:3      | Noticed Grinder
  2552 | D:3      | Paralysed by Grinder for 7 turns
  2567 | D:3      | Gained mutation: Scrolls take you a little longer to read. [potion of mutation]
  2567 | D:3      | Gained mutation: Your spells are a little easier to cast, but a little less powerful. [potion of mutation]
  2567 | D:3      | Gained mutation: You tend to lose your temper in combat. [potion of mutation]
  2567 | D:3      | Gained mutation: You have a pair of small horns on your head. [potion of mutation]
  2570 | D:3      | Paralysed by Grinder for 6 turns
  2593 | D:3      | HP: 2/46 [poisoned by a kobold]
  2593 | D:3      | Slain by a kobold

Skill      XL: |  1  2  3  4  5 |
---------------+----------------+-----
Axes           | 2 |  2.8
Armour         | 2 |  2.6
Dodging        | 1 |  1.2
Invocations    | 3 |  3.0
Fighting       | |  3.7
Evocations     | |  0.6

Action                   |  1- 3 |  4- 6 || total
-------------------------+-------+-------++-------
Melee: Hand axe          |    90 |    95 ||   185
       Kick              |    16 |    17 ||    33
       Headbutt          |       |     1 ||     1
Invok: Depart the Abyss  |     1 |       ||     1
 Abil: Evoke Invisibilit |       |     5 ||     5
  Use: Scroll            |     3 |     3 ||     6
       Potion            |       |     4 ||     4
 Stab: Invisible         |       |     4 ||     4
  Eat: Chunk             |     1 |     5 ||     6
Armor: Leather armour    |     9 |       ||     9
       Ring mail         |    40 |    86 ||   126
Dodge: Dodged            |    42 |    73 ||   115
